 Dungeon Crawl Stone Soup version 0.16.2-12-gd0ad4c3 (webtiles) character file.

262 Peloso the Shield-Bearer (level 5, -2/47 HPs)
             Began as a Minotaur Fighter on Oct 9, 2015.
             Killed by nerve-wracking pain
             ... invoked by an orc priest
              (5 damage)
             ... on level 6 of the Dungeon.
             The game lasted 00:08:07 (2173 turns).

Peloso the Shield-Bearer (Minotaur Fighter)         Turns: 2173, Time: 00:08:07

Health: -2/47      AC: 11    Str: 21    XL:     5   Next: 97%
Magic:  11/11      EV:  6    Int:  5    God:
Gold:   171        SH: 10    Dex: 10    Spells: 0 memorised, 4 levels left

rFire  . . .     SeeInvis .     a - +0 long sword
rCold  . . .     Clarity  .     k - +0 chain mail
rNeg   . . .     SustAb   .     c - +0 shield
rPois  .         Gourm    .     (helmet restricted)
rElec  .         Spirit   .     g - +0 cloak (curse)
rCorr  .         Warding  .     (no gloves)
rMut   .         Stasis   .     (no boots)
MR     .....                    l - amulet of faith
Stlth  ..........               (no ring)
                                h - ring of magical power

@: not resistant to hostile enchantments, extremely unstealthy
A: retaliatory headbutt, horns 2
a: no special abilities


You were on level 6 of the Dungeon.
You were hungry.

You visited 1 branch of the dungeon, and saw 6 of its levels.

You collected 171 gold pieces.

Inventory:

Hand weapons
 a - a +0 long sword (weapon)
 y - a +0 spear of flaming
Armour
 c - a +0 shield (worn)
 g - a cursed +0 cloak (worn)
 k - a +0 chain mail (worn)
Jewellery
 h - a ring of magical power (left hand)
 l - an amulet of faith (around neck)
Magical devices
 r - a wand of polymorph (14)
Scrolls
 f - 2 scrolls of remove curse {unknown}
 i - a scroll of recharging {unknown}
 o - a scroll of noise {unknown}
 q - 2 scrolls of random uselessness {unknown}
 s - a scroll of identify {unknown}
 t - a scroll of fear {unknown}
 w - a scroll of immolation {unknown}
Potions
 b - 2 potions of agility {unknown}
 e - a potion of might
 p - 3 potions of curing {unknown}
 u - a potion of poison {unknown}
 x - a potion of heal wounds {unknown}
Comestibles
 d - 3 bread rations
 j - 2 meat rations
 m - 4 fruits
 n - 2 beef jerkies


   Skills:
 + Level 4.7 Fighting
 + Level 3.5 Long Blades
 + Level 4.9 Armour
 + Level 1.0 Dodging
 + Level 5.9 Shields


You had 4 spell levels left.
You didn't know any spells.

Dungeon Overview and Level Annotations

Branches:
Dungeon (7/15)
 Temple: D:4-7

Altars:
Qazlal
Zin
The Shining One


Innate Abilities, Weirdness & Mutations

You reflexively headbutt those who attack you in melee.
You have a pair of horns on your head.


Message History

You hit the orc wizard but do no damage.
Your headbutt misses the orc wizard.
The orc wizard hits you but does no damage.
The orc priest mumbles some strange prayers to Beogh against you.
Something smites you! The orc wizard barely misses you.
You furiously retaliate!
You headbutt the orc wizard.
The orc wizard hits you but does no damage.
There is a stone staircase leading down here.
Your shield and chain mail prevent you from hitting the orc wizard.
The orc wizard is moderately wounded.
The orc priest calls upon Beogh to heal the orc wizard.
The orc wizard's wounds heal themselves!
The orc priest mumbles some strange prayers to Beogh against you.
Pain shoots through your body!
* * * LOW HITPOINT WARNING * * *
The orc wizard hits you but does no damage.
You hit the orc wizard but do no damage.
The orc priest calls down the wrath of Beogh upon you.
Pain shoots through your body!
You die...

#.. ###..
###...#
#.$...#
###.....+
........#
+...?....##
#.......o.+
#.......o@#
.......o##
.......##
.......
......
..... ....
. .


You could see 2 orc priests and an orc wizard.

Vanquished Creatures
  A goliath beetle (D:3)
  An orc priest (D:3)
  A worker ant (D:4)
  Ijyb (D:2)
  Robin (D:3)
  4 adders
  3 gnolls (D:3)
  An ooze (D:3)
  6 orcs
  A ball python (D:1)
  13 hobgoblins
  5 jackals
  4 bats
  A giant cockroach (D:2)
  A giant gecko (D:1)
  23 goblins
  8 kobolds
  A quokka (D:3)
  4 rats
80 creatures vanquished.

Notes
Turn   | Place    | Note
--------------------------------------------------------------
     0 | D:1      | Peloso, the Minotaur Fighter, began the quest for the Orb.
     0 | D:1      | Reached XP level 1. HP: 19/19 MP: 1/1
   141 | D:1      | Reached XP level 2. HP: 22/27 MP: 1/1
   218 | D:1      | Reached skill level 4 in Shields
   765 | D:2      | Noticed a fire elemental
   767 | D:2      | Found a stormy altar of Qazlal.
   768 | D:2      | Noticed a water elemental
   768 | D:2      | Noticed an air elemental
   768 | D:2      | Noticed an earth elemental
   789 | D:2      | Found a glowing golden altar of the Shining One.
   833 | D:2      | Noticed Ijyb
   853 | D:2      | Killed Ijyb
   853 | D:2      | Reached XP level 3. HP: 33/33 MP: 2/2
   994 | D:2      | Reached XP level 4. HP: 40/40 MP: 2/2
  1179 | D:3      | Reached skill level 5 in Shields
  1216 | D:3      | Found a glowing silver altar of Zin.
  1429 | D:3      | Reached XP level 5. HP: 34/47 MP: 2/2
  1564 | D:3      | Noticed Robin
  1604 | D:3      | Killed Robin
  1992 | D:4      | Reached skill level 1 in Dodging
  2038 | D:4      | You fall through a shaft for 3 floors!
  2173 | D:6      | Killed from afar by an orc priest

Action                   |  1- 3 |  4- 6 || total
-------------------------+-------+-------++-------
Melee: Long sword        |    89 |   149 ||   238
  Eat: Chunk             |       |     2 ||     2
       Royal jelly       |       |     1 ||     1
